Map: Blackburn LE

Players

Hellraiser - Winner!

  • Race: Protoss Protoss

SKillous

  • Race: Protoss Protoss

Event: DreamHack SC2 Masters 2021 Fall

VOD

Have the link to the VOD?

Description

Time

  • Played on: Aug. 11, 2021, 10:49 a.m.
  • Length: 8:58

All games in this series

Show
View Real Time Build Order
Export as new Build Order

Hellraiser Protoss - Winner!

Build Orders: Oracle Opening, Phoenix Opening, Mass Phoenix 

Get SALT Encoding   

  12  0:00  Probe  
  13  0:12  Probe  
  14  0:19  Pylon  
  14  0:24  Probe  
  15  0:38  Probe (Chrono Boost)  
  15  0:39  Gateway  
  16  0:46  Probe (Chrono Boost)  
  16  0:47  Assimilator  
  17  0:52  Probe  
  18  0:58  Assimilator  
  18  1:04  Probe (Chrono Boost)  
  18  1:07  Pylon  
  19  1:13  Probe (Chrono Boost)  
  20  1:18  Probe  
  21  1:26  Cybernetics Core  
  21  1:30  Probe  
  22  1:34  Zealot  
  24  1:42  Probe  
  25  1:55  Probe  
  26  2:02  Stargate  
  26  2:04  Adept (Chrono Boost)  
  26  2:07  Probe  
  29  2:29  Nexus  
  29  2:38  Pylon  
  29  2:43  Shield Battery  
  28  2:51  Oracle (Chrono Boost)  
  28  2:56  Probe  
  32  3:08  Probe  
  32  3:20  Probe  
  32  3:22  Phoenix (Chrono Boost)  
  35  3:29  Stargate  
  35  3:32  Probe  
  36  3:43  Phoenix (Chrono Boost)  
  36  3:44  Probe x2  
  38  3:51  Assimilator  
  38  3:56  Probe x2  
  38  3:59  Phoenix (Chrono Boost)  
  40  4:08  Probe x2  
  42  4:15  Assimilator  
  44  4:20  Probe, Phoenix (Chrono Boost)  
  45  4:26  Phoenix (Chrono Boost)  
  45  4:28  Probe  
  48  4:32  Probe  
  46  4:40  Phoenix  
  46  4:42  Probe  
  46  4:45  Probe  
  50  4:53  Phoenix (Chrono Boost)  
  50  4:54  Probe  
  50  4:57  Probe  
  50  5:06  Probe  
  53  5:09  Probe  
  53  5:12  Phoenix (Chrono Boost)  
  53  5:13  Forge  
  54  5:20  Pylon  
  54  5:21  Pylon  
  54  5:27  Robotics Facility  
  54  5:37  Pylon  
  54  5:38  Probe x2, Phoenix x2  
  60  5:56  Photon Cannon  
  62  6:00  Void Ray (Chrono Boost)  
  62  6:04  Nexus, Void Ray (Chrono Boost)  
  68  6:18  Shield Battery  
  68  6:20  Immortal (Chrono Boost)  
  72  6:28  Void Ray  
  72  6:30  Pylon  
  76  6:42  Void Ray  
  76  6:48  Pylon  
  76  6:53  Immortal (Chrono Boost)  
  84  7:01  Probe x2  
  84  7:02  Shield Battery  
  86  7:13  Probe x2  
  86  7:14  Shield Battery  
  88  7:18  Void Ray (Chrono Boost)  
  88  7:21  Void Ray (Chrono Boost)  
  88  7:22  Probe  
  93  7:25  Probe x2  
  93  7:28  Observer (Chrono Boost)  
  100  7:34  Probe  
  101  7:37  Probe x2  
  103  7:46  Probe  
  102  7:52  Void Ray (Chrono Boost)  
  102  7:55  Void Ray (Chrono Boost)  
  107  8:03  Assimilator, Pylon x2  
  107  8:04  Assimilator  
  107  8:05  Pylon  
  108  8:11  Photon Cannon  
  108  8:12  Photon Cannon  
  108  8:16  Probe  
  109  8:21  Probe  
  109  8:25  Probe  
  115  8:28  Probe  
  115  8:33  Probe  
  117  8:37  Probe  
  122  8:41  Probe  
  122  8:45  Probe  
Show
View Real Time Build Order
Export as new Build Order

SKillous Protoss 

Build Orders: Phoenix Opening 

Get SALT Encoding   

  12  0:00  Probe  
  13  0:12  Probe  
  14  0:19  Pylon  
  14  0:24  Probe  
  15  0:37  Probe (Chrono Boost)  
  15  0:41  Gateway  
  16  0:47  Assimilator, Probe (Chrono Boost)  
  17  0:52  Probe (Chrono Boost)  
  17  0:55  Assimilator  
  18  1:04  Probe (Chrono Boost)  
  19  1:06  Pylon  
  19  1:13  Probe (Chrono Boost)  
  19  1:18  Probe  
  21  1:28  Cybernetics Core  
  21  1:29  Zealot  
  21  1:32  Probe  
  24  1:44  Probe  
  25  1:56  Probe  
  26  2:05  Stargate  
  26  2:09  Adept (Chrono Boost)  
  28  2:24  Nexus  
  28  2:32  Pylon  
  28  2:33  Probe  
  28  2:37  Warp Gate  
  28  2:45  Probe  
  28  2:50  Phoenix (Chrono Boost)  
  31  2:57  Probe  
  32  3:11  Shield Battery  
  32  3:13  Phoenix (Chrono Boost)  
  32  3:14  Probe  
  35  3:22  Shield Battery  
  36  3:27  Probe (Chrono Boost)  
  36  3:33  Phoenix  
  36  3:36  Probe (Chrono Boost)  
  38  3:45  Probe (Chrono Boost)  
  38  3:46  Probe (Chrono Boost)  
  39  3:51  Probe (Chrono Boost)  
  39  3:52  Probe (Chrono Boost)  
  41  3:57  Phoenix  
  43  4:03  Probe  
  43  4:06  Robotics Facility  
  43  4:08  Probe (Chrono Boost)  
  45  4:15  Probe (Chrono Boost)  
  46  4:22  Assimilator, Phoenix  
  49  4:25  Probe (Chrono Boost)  
  49  4:27  Probe (Chrono Boost)  
  50  4:32  Probe (Chrono Boost)  
  50  4:34  Probe  
  50  4:36  Pylon, Forge  
  52  4:38  Assimilator  
  52  4:44  Probe  
  53  4:47  Pylon  
  53  4:49  Probe  
  53  4:51  Phoenix (Chrono Boost)  
  48  5:01  Probe  
  48  5:02  Stalker  
  48  5:05  Probe  
  48  5:06  Twilight Council  
  50  5:11  Protoss Ground Weapons Level 1 (Chrono Boost)  
  50  5:13  Probe  
  49  5:17  Probe  
  50  5:23  Gateway x2  
  50  5:25  Probe  
  51  5:29  Probe  
  50  5:37  Stalker  
  50  5:40  Blink (Chrono Boost)  
  50  5:47  Probe  
  49  5:57  Probe  
  49  5:59  Probe  
  48  6:04  Dark Shrine  
  48  6:05  Stalker  
  48  6:07  Pylon  
  48  6:10  Pylon  
  50  6:14  Probe x2  
  50  6:16  Nexus  
  50  6:17  Observer  
  50  6:18  Pylon  
  53  6:19  Stalker x2  
  57  6:26  Probe x2  
  57  6:28  Stalker  
  61  6:38  Probe  
  61  6:39  Probe  
  63  6:43  Stalker x2  
  67  6:48  Gateway  
  67  6:49  Gateway  
  67  6:51  Probe  
  67  6:54  Probe  
  69  6:55  Pylon  
  69  6:57  Stalker  
  71  7:01  Pylon  
  71  7:03  Probe  
  71  7:06  Probe  
  73  7:15  Probe  
  74  7:17  Dark Templar x2  
  74  7:21  Probe  
  79  7:27  Probe  
  80  7:33  Probe  
  80  7:37  Gateway x2  
  81  7:38  Gateway  
  81  7:39  Gateway  
  81  7:45  Probe  
  81  7:51  Probe (Chrono Boost)  
  81  7:54  Stalker x3  
  81  7:55  Observer  
  81  7:56  Probe (Chrono Boost)  
  86  7:59  Stalker  
  86  8:05  Shield Battery  
  90  8:06  Probe (Chrono Boost)  
  90  8:07  Probe (Chrono Boost)  
  90  8:08  Probe (Chrono Boost)  
  90  8:12  Assimilator, Probe (Chrono Boost)  
  92  8:14  Probe x2 (Chrono Boost)  
  94  8:20  Assimilator  
  94  8:21  Probe  
  94  8:22  Pylon  
  95  8:27  Nexus  
  95  8:29  Pylon  
  95  8:34  Probe  
  95  8:36  Stalker x2  
  95  8:38  Zealot  
  95  8:40  Zealot  
  97  8:44  Zealot  
  79  8:50  Stalker  

Tags
 
Add a new tag
Caveats
  • Supply blocks, unpowered buildings, or Contaminate may cause inaccurate times.
  • Supply counts are checked every 10 seconds.